 Dungeon Crawl Stone Soup version 0.31-a0-229-g1fc7ce93e2 (webtiles) character file.

Game seed: 14503805955394781890

25 qw the Shooter (level 2, 0/24 HPs)
             Began as a Minotaur Hexslinger on July 6, 2023.
             Slain by Robin
             ... wielding a +0 dagger
              (1 damage)
             ... on level 2 of the Dungeon.
             The game lasted 00:00:14 (516 turns).

qw the Shooter (Minotaur Hexslinger)                 Turns: 516, Time: 00:00:15

Health: 0/24       AC:  3    Str: 12    XL:     2   Next: 82%
Magic:  2/2        EV: 12    Int: 10    God:
Gold:   20         SH:  0    Dex: 12    Spells: 2/3 levels left

rFire   . . .        Y - +1 sling
rCold   . . .        (no shield)
rNeg    . . .        c - +0 robe
rPois   .            (helmet restricted)
rElec   .            i - +0 cloak
rCorr   .            (no gloves)
SInv    .            (no boots)
Will    .....        (no amulet)
Stlth   +            (no ring)
HPRegen 0.24/turn    (no ring)
MPRegen 0.08/turn

%: no passive effects
@: no status effects
A: horns 2, retaliatory headbutt
a: no special abilities


You were on level 2 of the Dungeon.
You visited 1 branch of the dungeon, and saw 2 of its levels.

You collected 20 gold pieces.


Innate Abilities, Weirdness & Mutations

You have a pair of horns on your head.
You reflexively headbutt those who attack you in melee.


   Skills:
 - Level 2.0 Fighting
 + Level 3.4 Ranged Weapons
 - Level 2.1 Dodging
 - Level 1.0 Spellcasting
 - Level 2.0 Hexes


You had 2 spell levels left.
You knew the following spells:

 Your Spells              Type           Power      Damage    Failure   Level
a - Slow                  Hex            16%        N/A       16%         1

Your spell library contained the following spells:

 Spells                   Type           Power      Damage    Failure   Level
 Inner Flame              Hex/Fire       2%         N/A       56%         3
 Portal Projectile        Hex/Tloc       4%         N/A       56%         3
 Cause Fear               Hex            2%         N/A       83%         4

Inventory:

Hand Weapons
 Y - a +1 sling (weapon)
Armour
 c - a +0 robe (worn)
 i - a +0 cloak (worn)
Potions
 d - a potion of invisibility {unknown}
 e - a potion of degeneration {unknown}
 f - a potion of berserk rage {unknown}
 g - a potion of heal wounds {unknown}

Dungeon Overview and Level Annotations

Branches:
Dungeon (2/15)

Altars:

Annotations:
D:2 Robin


Message History

Robin is moderately wounded.
The goblin misses you. Robin barely misses you.
You shoot a sling bullet. The sling bullet barely misses Robin.
The sling bullet barely misses the hobgoblin.
The goblin hits you but does no damage.
Robin roars a battlecry!
The goblins go into a battle-frenzy!
You shoot a sling bullet. The sling bullet hits Robin.
Robin is moderately wounded.
The goblin misses you. Robin hits you with a +0 dagger. x2
The goblin hits you with a +0 dagger.
You shoot a sling bullet.
The sling bullet hits Robin but does no damage.
Robin is moderately wounded.
The goblin hits you but does no damage.
Robin says, "My goblins will feast on your bones."
Robin hits you but does no damage.
You shoot a sling bullet.
The sling bullet hits Robin but does no damage.
Robin is moderately wounded.
The goblin hits you with a +0 dagger. Robin hits you with a +0 dagger.
You shoot a sling bullet.
The sling bullet hits Robin but does no damage.
Robin is moderately wounded.
The goblin misses you. Robin hits you but does no damage.
You shoot a sling bullet. The sling bullet hits Robin!
Robin is severely wounded.
The goblin barely misses you. Robin barely misses you.
You shoot a sling bullet. The sling bullet hits Robin.
Robin is almost dead.
The goblin barely misses you. You furiously retaliate!
You headbutt the goblin.
Robin roars a battlecry!
The goblin hits you with a +0 dagger. Robin hits you with a +0 dagger.
You shoot a sling bullet. The sling bullet hits Robin.
Robin is almost dead.
The goblin hits you with a +0 dagger. Robin barely misses you.
You shoot a sling bullet. The sling bullet closely misses Robin.
The sling bullet completely misses the hobgoblin.
Robin hits you with a +0 dagger.
You die...

... ... #
#.####.##.##
..#gg.g.....
#.#g#)..#.##
#.#@#g......
#.#g#gg##.##
#<%.#g.# #
#.###g.# #.#
.g# #.#


gg# #.# #.# #.# You could see Robin, 2 hobgoblins and a goblin (strong).

Vanquished Creatures
  A bat (D:1)
  An endoplasm (D:1)
  A giant cockroach (D:1)
  8 goblins
  2 hobgoblins (D:1)
  2 quokkas
  2 ball pythons (D:1)
  A frilled lizard (D:1)
  A kobold (D:1)
  A rat (D:1)
20 creatures vanquished.

Notes
Turn   | Place    | Note
-------+----------+-------------------------------------------
     0 | D:1      | qw the Minotaur Hexslinger began the quest for the Orb.
     0 | D:1      | Reached XP level 1. HP: 16/16 MP: 1/1
     0 | D:1      | 0 ||| qw: Version: 0.3-a-46-gb1f654a
     0 | D:1      | 0 ||| qw: Game counter: 1407
     0 | D:1      | 0 ||| qw: Melee chars always use a shield: true
     0 | D:1      | 0 ||| qw: God list: Okawaru
     0 | D:1      | 0 ||| qw: Allow faded altars: false
     0 | D:1      | 0 ||| qw: Do Orc after clearing Dungeon:15 true
     0 | D:1      | 0 ||| qw: Do second Lair branch before Depths: true
     0 | D:1      | 0 ||| qw: Lair rune preference: random
     0 | D:1      | 0 ||| qw: Goals: Normal
     0 | D:1      | 0 ||| PLANNING D:1-11
    65 | D:1      | Reached skill level 3 in Ranged Weapons
   117 | D:1      | Reached XP level 2. HP: 23/23 MP: 2/2
   151 | D:1      | 151 ||| FLEEEEING.
   152 | D:1      | 152 ||| FLEEEEING.
   214 | D:1      | Found a faded altar of an unknown god.
   465 | D:1      | 465 ||| UPGRADING to +0 cloak.
   470 | D:1      | 470 ||| READING scroll labelled BILOIV EKUPT.
   471 | D:1      | 471 ||| READING scroll labelled JEACVA MUWNI.
   476 | D:1      | 476 ||| DROPPING scroll of poison.
   490 | D:2      | Noticed Robin
   493 | D:2      | 493 ||| Stepping ~*~*~tactically~*~*~ (outnumbered).
   496 | D:2      | 496 ||| Stepping ~*~*~tactically~*~*~ (outnumbered).
   500 | D:2      | 500 ||| Stepping ~*~*~tactically~*~*~ (outnumbered).
   514 | D:2      | HP: 6/24 [Robin/+0 dagger (1)]
   515 | D:2      | HP: 1/24 [goblin/+0 dagger[Robin] (5)]
   516 | D:2      | Slain by Robin

Levels and vault maps discovered:
D:1:      denvon_arrival_waterhouse, layout_rooms,
          shapermc_ecumenical_altar_hornbeckon, chequers_serial_rivers_micro_e
D:2:      layout_basic, basic_altar, uniq_robin

Skill      XL: |  1  2 |
---------------+-------+-----
Ranged Weapons | 3 |  3.4
Fighting       | 2 |  2.0
Dodging        | |  2.1
Spellcasting   | |  1.0
Hexes          | |  2.0

Action                     || total
---------------------------++-------
   Fire: Sling             ||    62
    Use: Scroll            ||     2
 Armour: Robe              ||     9
  Dodge: Dodged            ||    26

Table legend:
 A = Non-vault XP
 B = Vault XP
 C = Vault XP percentage of total XP
 D = Non-vault monster count
 E = Vault monster count
 F = Vault count percentage of total count
                 A         B        C        D         E       F
            +---------+---------+-------+---------+---------+-------
      Total |      26 |      10 |  27.8 |      15 |       5 |  25.0
            +---------+---------+-------+---------+---------+-------
        D:1 |      24 |       0 |   0.0 |      14 |       0 |   0.0
        D:2 |       2 |      10 |  83.3 |       1 |       5 |  83.3
            +---------+---------+-------+---------+---------+-------
